 Dungeon Crawl Stone Soup version 0.19.0-11-g3fc08b3 (webtiles) character file.

130 dobroeutro the Chopper (level 4, 0/60 HPs)
             Began as a Minotaur Berserker on Nov 9, 2016.
             Was a Believer of Trog.
             Slain by a gnoll
             ... wielding a +0 halberd
              (13 damage)
             ... on level 3 of the Dungeon.
             The game lasted 00:01:46 (1532 turns).

dobroeutro the Chopper (Minotaur Berserker)         Turns: 1532, Time: 00:01:46

Health: 0/60       AC:  2    Str: 27    XL:     4   Next: 89%
Magic:  3/3        EV: 12    Int:  4    God:    Trog [**....]
Gold:   59         SH:  0    Dex: 10    Spells: 0 memorised, 3 levels left

rFire  . . .     SeeInvis .     a - +0 hand axe
rCold  . . .     Gourm    .     b - +0 animal skin
rNeg   . . .     Faith    .     (no shield)
rPois  .         Spirit   .     (helmet restricted)
rElec  .         Reflect  .     (no cloak)
rCorr  .         Harm     .     (no gloves)
MR     +....                    (no boots)
Stlth  ..........               (no amulet)
                                (no ring)
                                h - ring of protection from magic (curse)

@: berserking (expiring), very quick
A: retaliatory headbutt, horns 2
a: Berserk, Trog's Hand, Burn Spellbooks, Renounce Religion


You were on level 3 of the Dungeon.
You worshipped Trog.
Trog was pleased with you.
You were near starving.

You visited 1 branch of the dungeon, and saw 3 of its levels.

You collected 59 gold pieces.

Inventory:

Hand Weapons
 a - a +0 hand axe (weapon)
Armour
 b - a +0 animal skin (worn)
Jewellery
 h - a cursed ring of protection from magic (left hand)
Scrolls
 e - 2 scrolls of enchant armour {unknown}
 g - a scroll of remove curse {unknown}
 i - a scroll of identify {unknown}
 l - a scroll of amnesia {unknown}
Potions
 d - a potion of magic {unknown}
 j - a potion of heal wounds {unknown}
Comestibles
 c - 4 bread rations
 f - 2 beef jerkies
 k - a meat ration


   Skills:
 + Level 4.1 Fighting
 * Level 5.7 Axes
 + Level 3.3 Armour
 + Level 2.8 Dodging


You had 3 spell levels left.
You didn't know any spells.

Dungeon Overview and Level Annotations

Branches:
Dungeon (3/15)

Altars:
Hepliaklqana
Okawaru
Qazlal


Innate Abilities, Weirdness & Mutations

You reflexively headbutt those who attack you in melee.
You have a pair of horns on your head.


Message History

You are too injured to fight recklessly!
You are too injured to fight recklessly!
You are too injured to fight recklessly!
You are too injured to fight recklessly!
You are too injured to fight recklessly!
You are too injured to fight recklessly!
Unknown command.
You slash the orc!
You kill the orc!
Trog accepts your kill.
You hit the gnoll. The gnoll closely misses you.
You hit the orc.
You kill the orc!
Trog accepts your kill.
You barely miss the gnoll. The gnoll barely misses you.
You furiously retaliate!
You headbutt the gnoll!
You kill the gnoll!
Trog accepts your kill. The rat misses you. The gnoll hits you with a halberd!
You die...

#.. .. #.. .. ###
##.# ....##..
.####.g)#####
......r@))†^##
.....######..######
... ####......# .
###.........# ..
#...##...$.## #.
#.####.....# #.#
##>####.....# #.#
#...........# #.#
#..####.....#


You could see a gnoll and a rat.

Vanquished Creatures
  2 gnolls (D:3)
  3 adders (D:2)
  2 dart slugs
  5 worms (D:2)
  A leopard gecko (D:1)
  6 orcs (D:3)
  5 bats
  4 giant cockroaches (D:2)
  5 goblins
  5 hobgoblins
  3 frilled lizards
  9 kobolds
  11 rats
61 creatures vanquished.

Notes
Turn   | Place    | Note
-------+----------+-------------------------------------------
     0 | D:1      | dobroeutro the Minotaur Berserker began the quest for the Orb.
     0 | D:1      | Reached XP level 1. HP: 19/19 MP: 0/0
    65 | D:1      | Reached skill level 4 in Axes
   133 | D:1      | Reached XP level 2. HP: 13/26 MP: 1/1
   451 | D:1      | Reached ** piety under Trog
   657 | D:2      | Reached XP level 3. HP: 33/33 MP: 2/2
   852 | D:2      | Reached skill level 5 in Axes
  1000 | D:2      | Reached XP level 4. HP: 23/40 MP: 3/3
  1071 | D:2      | Found an iron altar of Okawaru.
  1073 | D:2      | Found a hazy altar of Hepliaklqana.
  1279 | D:2      | Found a stormy altar of Qazlal.
  1532 | D:3      | Slain by a gnoll

Skill      XL: |  1  2  3 |
---------------+----------+-----
Axes           | 4 5 |  5.7
Armour         | 3 |  3.3
Fighting       | 4 |  4.1
Dodging        | |  2.8

Action                   |  1- 3 |  4- 6 || total
-------------------------+-------+-------++-------
Melee: Hand axe          |    79 |    46 ||   125
       Headbutt          |    12 |    13 ||    25
Invok: Berserk           |       |     1 ||     1
  Eat: Chunk             |       |     1 ||     1
Armor: Animal skin       |    19 |     1 ||    20
Dodge: Dodged            |    49 |    16 ||    65
